Cogmind - Beta 13 @@@ ROGUE MODE // 2024.05.05 @ 14:17:40 Player: JTMusky Result: Destroyed self with Grenade Launcher Performance ------------- Evolutions (0) 0 Regions Visited (1) 200 Robots Destroyed (15) 75 Value Destroyed (307) 307 Prototype IDs (2) 40 Alien Tech Used (0) 0 Bonus (0) 0 TOTAL SCORE: 622 Bonus ------- None Cogmind --------- Core Integrity 0/250 Matter 201/300 Energy 265/265 System Corruption 0% Temperature Cool (0) Movement Treading (160) Location -10/Materials Parts ------- > --- POWER (1) -------- Improved Ion Engine > --- PROPULSION (2) --- Light Treads Light Treads > --- UTILITY (2) ------ Visual Processing Unit Signal Interpreter > --- WEAPON (2) ------- Grenade Launcher > --- INVENTORY (5) ---- Wheel Compact Wheel Visual Processing Unit Terrain Scanner Peak State ------------ > --- POWER ------------ Improved Ion Engine > --- PROPULSION ------- Aluminum Leg Aluminum Leg > --- UTILITY ---------- Small Storage Unit Improved Terrain Scanner > --- WEAPON ----------- Assault Rifle Mining Laser > --- INVENTORY -------- Improved Ion Engine Light Treads Light Treads Wheel Compact Wheel EM Shotgun Medium Laser Grenade Launcher [Rating: 11] Favorites ----------- Power Improved Ion Engine Engine Improved Ion Engine Propulsion Light Treads Treads Light Treads Leg Aluminum Leg Wheel Wheel Utility Small Storage Unit Device Improved Terrain Scanner Storage Small Storage Unit Processor Visual Processing Unit Weapon Light Assault Rifle Energy Gun Medium Laser Ballistic Gun Light Assault Rifle Launcher Grenade Launcher Special Weapon Mining Laser Build | -11 -10 ------- Run | Yrd Mat Slots Evolved . | . . Power . | . . Propulsion . | . . Utility . | . . Weapon . | . . Parts Attached 27 | 12 15 Power 4 | 2 2 Engine 4 | 2 2 Core . | . . Reactor . | . . Propulsion 7 | 4 3 Treads 4 | 2 2 Leg 2 | 2 . Wheel 1 | . 1 Hover . | . . Flight . | . . Utility 4 | 2 2 Device 1 | 1 . Storage 1 | 1 . Processor 2 | . 2 Hackware . | . . Protection . | . . Artifact . | . . Weapon 12 | 4 8 Energy Gun 3 | . 3 Energy Cannon . | . . Ballistic Gun 5 | 3 2 Ballistic Cannon . | . . Launcher 1 | . 1 Special Weapon 3 | 1 2 Impact Weapon . | . . Slashing Weapon . | . . Piercing Weapon . | . . Special Melee Weapon . | . . Unidentified Prototypes . | . . Parts Lost 7 | . 7 Power 1 | . 1 Propulsion 2 | . 2 Utility 1 | . 1 Weapon 3 | . 3 Highest Loss Streak 7 | . 7 To Critical Strikes . | . . Average Slot Usage (%) 91 | . 91 Engine 13 | . 13 Treads 9 | . 9 Leg 17 | . 17 Device 9 | . 9 Storage 13 | . 13 Processor 4 | . 4 Energy Gun 1 | . 1 Ballistic Gun 10 | . 10 Launcher 4 | . 4 Special Weapon 5 | . 5 Naked Turns . | . . Heaviest Build 17 | 13 17 Greatest Support 40 | 40 40 Greatest Overweight (x) 3 | 3 2 Average Overweight (x) . | . . Largest Inventory Capacity 8 | 8 8 Average Capacity 7 | 7 7 Most Carried 8 | 8 8 Average Carried 6 | 6 6 Final Capacity 8 | 8 5 Final Carried 7 | 7 4 Class Distribution -------------------- 100% | Mutant Dominant Class ---------------- Mutant | -10/Materials Resources | -11 -10 ----------- Run | Yrd Mat Matter Collected 476 | 317 159 Remotely . | . . Salvage Created 370 | 113 257 Parts 33 | 9 24 Haulers Intercepted . | . . Recyclers Shooed 2 | 1 1 Parts Field Recycled . | . . Retrieved Matter . | . . Parts Self-Destructed . | . . Prevented . | . . Kills | -11 -10 ------- Run | Yrd Mat Combat Hostiles Destroyed 8 | . 8 Guns 4 | . 4 AOE 4 | . 4 Classes Destroyed 6 | 2 4 Worker 1 | . 1 Tunneler 3 | 3 . Recycler 1 | 1 . Watcher 2 | . 2 Swarmer 2 | . 2 Grunt 6 | . 6 Best Kill Streak 7 | 2 7 Combat Bots Only 6 | . 6 Max Kills in Single Turn 2 | 1 2 Gunslinging . | . . Exploded 2 | . 2 Melee . | . . Uniques/NPCs Destroyed . | . . Combat | -11 -10 -------- Run | Yrd Mat Hostile Shots Fired 83 | . 83 Missed 16 | . 16 Damage Taken 905 | . 905 Core 261 | . 261 Absorbed by Shields . | . . Core Remaining (%) 100 | 100 . Volleys Fired 54 | 14 40 Largest 2 | 2 2 Hottest 100 | 100 100 Shots Fired 82 | 27 55 Gun 64 | 26 38 Cannon . | . . Launcher 8 | . 8 Special 10 | 1 9 Kinetic 42 | 26 16 Thermal 25 | 1 24 Explosive 8 | . 8 Electromagnetic 7 | . 7 Robot Hit Streak 10 | 4 10 Robot Miss Streak 5 | 2 5 Penetration Max . | . . Secondary Targets 1 | . 1 Max Gunslinging Chain 1 | . 1 Shots Hit Robots 43 | 13 30 Core Hits 28 | 8 20 Critical Kills . | . . Critical Parts Destroyed . | . . Critical Strikes 2 | . 2 Burn 2 | . 2 Melee Attacks . | . . Impact . | . . Slashing . | . . Piercing . | . . Sneak Attacks . | . . Combat Hostiles . | . . Follow-up Attacks . | . . Damage Inflicted 818 | 119 699 Guns 458 | 111 347 Cannons . | . . Explosions 352 | . 352 Melee . | . . Ramming 8 | 8 . Kinetic 273 | 111 162 Thermal 126 | . 126 Explosive 352 | . 352 Electromagnetic 59 | . 59 Impact . | . . Slashing . | . . Piercing . | . . Highest Corruption . | . . Average Corruption . | . . Corruption Purged . | . . Corruption Blocked . | . . Overload Shots . | . . Overflow Damage 8 | . 8 Projectiles . | . . Explosions 8 | . 8 Melee . | . . Knockbacks . | . . Impact . | . . Kinetic . | . . Secondary . | . . Self-Inflicted Damage 154 | . 154 Shots 5 | . 5 Rammed 3 | 3 . Targets Rammed 3 | 3 . Kicked . | . . Crushed . | . . Highest Temperature 357 | 20 357 Average Temperature 105 | 10 109 Received Heat Transfer 423 | . 423 Effects 2 | . 2 Shutdowns 1 | . 1 Energy Bleed 1 | . 1 Siege Activations . | . . Robots Corrupted . | . . Combat Hostiles . | . . Parts Fried . | . . Impact Corruptions . | . . Robots Melted . | . . Combat Hostiles . | . . Parts Melted . | . . Heat Transferred 518 | . 518 Parts Sabotaged . | . . Parts Stolen . | . . Parts Stripped . | . . Power Chain Reactions . | . . Alert | -11 -10 ------- Run | Yrd Mat Peak Influence 199 | 20 199 Initial 13 | . 13 Average 48 | 6 60 Maximum Alert Level . | . . Low Security (%) 100 | 100 100 Level 1 . | . . Level 2 . | . . Level 3 . | . . Level 4 . | . . Level 5 . | . . High Security . | . . Max Security . | . . Squads Dispatched 2 | . 2 Investigation . | . . Extermination . | . . Reinforcement 2 | . 2 Assault . | . . Garrison . | . . Intercept . | . . Searches Triggered . | . . Construction Impeded . | . . Haulers Reinforced . | . . Active Scanning Responses . | . . Cargo Convoy Interrupts . | . . Stealth | -11 -10 --------- Run | Yrd Mat Distress Signals . | . . Communications Jammed . | . . Distress Signals . | . . Times Spotted 22 | . 22 Peak Tracking Total 8 | . 8 Tactical Retreats 1 | . 1 Traps | -11 -10 ------- Run | Yrd Mat Traps Triggered . | . . Indirectly . | . . Trap Hack Attempts . | . . Triggered . | . . Disarmed . | . . Reprogrammed . | . . Reused . | . . Traps Extracted . | . . Installed . | . . Triggered . | . . Machines | -11 -10 ---------- Run | Yrd Mat Machines Disabled 2 | . 2 Max in Single Turn 1 | . 1 Machines Repaired . | . . Machines Dismantled . | . . Machines Sabotaged . | . . Overloaded Fab Kills . | . . Hacking | -11 -10 --------- Run | Yrd Mat Machines Accessed 4 | . 4 Terminals 3 | . 3 Fabricators . | . . Repair Stations . | . . Recycling Units 1 | . 1 Scanalyzers . | . . Garrison Access . | . . Total Hacks 7 | . 7 Successful 5 | . 5 Failed 2 | . 2 Catastrophic . | . . Database Lockouts . | . . Manual . | . . Terminals 6 | . 6 Fabricators . | . . Repair Stations . | . . Recycling Units 1 | . 1 Scanalyzers . | . . Garrison Access . | . . Terminal Hacks 4 | . 4 Prototype ID Bank 1 | . 1 Locate Traps 2 | . 2 Zone Layout 1 | . 1 Fabricator Hacks . | . . Repair Station Hacks . | . . Recycling Unit Hacks 1 | . 1 Report Inventory 1 | . 1 Scanalyzer . | . . Garrison Access Hacks . | . . Unauthorized Hacks . | . . Terminals . | . . Fabricators . | . . Repair Stations . | . . Recycling Units . | . . Scanalyzers . | . . Garrison Access . | . . Data Cores Recovered . | . . Used . | . . Hacking Detections 2 | . 2 Full Trace Events . | . . Feedback Events . | . . Feedback Blocked . | . . Robot Schematics Acquired . | . . Robots Built . | . . Authchips . | . . Time . | . . Total Robot Build Rating . | . . Part Schematics Acquired . | . . Parts Built . | . . Authchips . | . . Time . | . . Total Part Build Rating . | . . Parts Repaired . | . . Time . | . . Parts Recycled . | . . Recycled Matter . | . . Retrieved Matter . | . . Retrieved Components . | . . Parts Scanalyzed . | . . Part Schematics Acquired . | . . Parts Damaged . | . . Bothacking | -11 -10 ------------ Run | Yrd Mat Used RIF Installer . | . . Robots Hacked . | . . Non-combat . | . . Combat . | . . Robot Hacks Applied . | . . Relay Couplers Released . | . . Fabnet Peak Effective % . | . . Robots Rewired . | . . Allies Hacked . | . . Hacks Repelled . | . . Allies | -11 -10 -------- Run | Yrd Mat Total Allies . | . . Largest Group . | . . Highest-Rated Group . | . . Highest-Rated Ally . | . . Total Orders . | . . Ally Attacks . | . . Total Damage . | . . Kills . | . . Allies Corrupted . | . . Allies Melted . | . . Intel | -11 -10 ------- Run | Yrd Mat Robot Analysis Total . | . . Derelict Logs Recovered . | . . Drone Launches . | . . Drone Recoveries . | . . Exploration | -11 -10 ------------- Run | Yrd Mat Turns Passed 1172 | 271 901 Spaces Moved 545 | 142 403 Core 23 | 21 2 Treads 286 | 116 170 Legs 236 | 5 231 Wheels . | . . Hover . | . . Flight . | . . Fastest Speed 50 | 50 120 Average Speed 138 | 143 137 Slowest Speed 200 | 200 190 Overloaded Moves . | . . Propulsion Burnouts . | . . Robots Hopped . | . . Cave-ins Triggered . | . . Exploration Rate (%) 33 | 7 60 Regions Visited 1 Branch Regions . Pre-discovered Areas . | . . Known Exits Taken . | . . Unknown Exits Taken 1 | 1 . Scrap Searched . | . . Spaces Dug 9 | . 9 Terrain Destroyed 66 | . 66 Melee . | . . Projectile 9 | . 9 AOE 57 | . 57 Terrain Rammed . | . . Walls Destroyed . | . . Machines Disabled . | . . Actions | -11 -10 --------- Run | Yrd Mat Total 857 | 179 678 Wait 207 | . 207 Move 544 | 141 403 Hop . | . . Pick Up 15 | 9 6 Fast Attach 8 | 5 3 Attach 8 | 2 6 Detach 1 | . 1 Swap 11 | 5 6 Drop 6 | . 6 Fire 54 | 14 40 Melee . | . . Ram . | . . Kick . | . . Crush 3 | 3 . Escape Stasis . | . . Rewire . | . . Trap . | . . Miscellaneous . | . . Route ------- -11/Scrapyard -10/Materials (discovered 2 exits: [*Mat] / *Min) History --------- Turn | Location | Event 7 | -11/Scrapyard | Discovered new exit (range 15) 272 | -11/Scrapyard | Entered Materials 306 | -10/Materials | Build established: Mutant 591 | -10/Materials | Discovered new exit (range 16) 778 | -10/Materials | Discovered new exit (range 7) 839 | -10/Materials | Core integrity fell below 50% 886 | -10/Materials | Lost 7 parts (1p2n1u3w) 913 | -10/Materials | Core integrity fell below 20% 1129 | -10/Materials | Identified exit to Mines 1173 | -10/Materials | Destroyed self with Grenade Launcher Last Messages --------------- 00999_ U-05 Engineer lays Concrete. 01002_ U-05 Engineer builds a Wall. 01064_ Connecting with Terminal... >>Traps(Locate) Found 5 traps in 2 arrays: 4x Explosive Trap 1x Alarm Trap Map updated. 01091_ Connecting with Terminal... >>Prototypes Downloading prototype IDs... Hvy. Ion Engine Imp. EM Shotgun 01126_ Dropped Mining Laser. 01127_ Dropped Sml. Storage Unit. 01129_ EXIT=IDENTIFIED: MINES 01139_ R-06 Scavenger collects Sml. Storage Unit. 01153_ R-06 Scavenger collects Mining Laser. 01173_ S-10 Pest destroyed. Map ----- +----------------------------------------------------+ | ??????????????????????????????????????? | | ??????????????????????????????????????? | | ??????????????????????????????????????? | | ??????????????????????????????????????? | | ??????????????????????????????????????? | | ??????????????????????????????????????? | | ??????????????????????????????????????? | | ??????????????????????????????????????? | | ??????????????????????????????????????? | | ???????????????????? ???????????????? | | ???????????????????? ???????????????? | | ???????????????????? ???????????????? | | ???????????????????# #??????????????? | | ???????????????????# #??????????????? | | ???????????????????? ???????????????? | | ???????????????????? ???????????????? | | ??????????????????## ???????????????? | | ??????????????????? ???????????????? | | ??????????????????? ???????????????? | | ??????????????????? ???????????????? | | ???????????????????? ???????????????? | | ????????#??????????? ???????????????? | | ?????????????######## #???????????????? | | ?????######### = # ###???#?????????? | | ?????# ## # ## ##????????? | | ?????#[ ## """ # *% @ #????????? | | ##???# """## """ g %[ #????????? | | ###### """## """ ## * #??? | | """"# """## ## +#########??? | | | ! "# ## ## ## ??????????? | | "##+#########+## #u ??????????? | | k # ?????????? | | > w + ?????????? | | # ????????? | | ##+#########+## # "????????? | | ###### ##? ## ## ""???????? | | ###### ##??"""## #? ""???????? | | ## ##? R"## #?? ???????? | | " ## ##? """## #??###????????? | | ## ## ## #?????????????? | | ## ## ## #?????????????? | | !#######+# ## # ????????????? | | ##### # ########? ??????????????? | | #/###??#### ### T?? ??????????????? | | #??## # ??+?????? ??????????? | | ##### # #/#+##?#?#????????? | | T T + """?? ????????????? | | ##### # """ # ?????#?????? | | #???# # """????Y" ???????????? | | #####???## ## ????? ??#??????? | +----------------------------------------------------+ Best States ------------- Heat Dissipation 25 Energy Generation 12 Energy Capacity 265 Matter Stores 299 Matter Capacity 300 Sight Range 18 Terrain Scan Range 16 Terrain Scan Density 10 Evasion (%) 55 Recoil Reduction 2 Item Schematics ----------------- None Robot Schematics ------------------ None Fabricated ------------ Nothing Alien Tech Used ----------------- None Achievements -------------- None Challenges ------------ None Game ------ Seed HackingDataKinecellerator Manual? 0 Play Time 00:19:34 Cumulative 25.0 hours Start 2024.05.05 @ 07:54:48 End 2024.05.05 @ 14:17:40 Sessions 2 Manual Loads 0 Difficulty Rogue Special Mode None Game No. 33 Rogue 33 Adventurer 0 Explorer 0 Win Type - Total 0 Types 0/0/0/0/0/0/0/0/0 Lore% 18 Gallery% 15 Achievement% 16 Wizard Run 0 Options --------- Layout 2 ASCII 1 Keyboard 1 Movement Vi Keybinds 0 Fullscreen 2 Font 48/Smallcaps Map View 50x44 Zoom Use 0% Tactical HUD 1 Map Filters NONE Filters NONE Steam 1 RUN: 5cbcf69d-7648-4f65-909b-0426eb2ddcd8